 Dungeon Sprint DCSS version 0.31-a0-971-g75a2e9a4b4 (webtiles) character file.

Game seed: 12418775009662972570

44953 fozzywoppz the Impregnable (level 13, -6/141 HPs)
             Began as a Minotaur Gladiator on Oct 28, 2023.
             Was the Champion of Okawaru.
             Mangled by a stone giant simulacrum (48 damage)
             ... animated by a necromancer
             ... in the Dungeon (Sprint IX: "|||||||||||||||||||||||||||||").
             The game lasted 00:18:43 (2963 turns).

fozzywoppz the Impregnable (Minotaur Gladiator)     Turns: 2963, Time: 00:18:43

Health: -6/141     AC: 41    Str: 23    XL:     13   Next: 99%
Magic:  31/31      EV: 11    Int:  5    God:    Okawaru [******]
Gold:   1525       SH: 15    Dex: 19    Spells: 12/12 levels left

rFire   + . .        z - +4 morningstar of Wrath {elec, *Corrode +Blink rF+ Stlth+}
rCold   . . .        G - +1 tower shield
rNeg    . . .        B - +8 crystal plate armour of the Baku {Harm Regen+ MP+9 Dex+3}
rPois   +            c - +0 hat
rElec   .            H - +1 cloak
rCorr   .            (no gloves)
SInv    .            J - +1 pair of boots
Will    .....        F - amulet of regeneration Stlth
                     o - +3 ring of dexterity
HPRegen 2.03/turn    E - ring of poison resistance
MPRegen 0.22/turn

%: no teleportation, corrode self (3%), harm (+30% outgoing, +20% incoming)
@: no status effects
A: horns 2, retaliatory headbutt
a: Renounce Religion, Evoke Blink, Heroism, Finesse


You were in the Dungeon.
You worshipped Okawaru.
Okawaru was exalted by your worship.
You visited 1 branch You collected 1833 gold pieces.
You spent 308 gold pieces at shops.

Inventory:

Hand Weapons
 b - a +0 whip of freezing
 s - a +2 great sword of flaming
 t - a +4 dire flail of protection
 y - a +3 vampiric long sword
 z - the +4 morningstar of Wrath (weapon) {elec, *Corrode +Blink rF+ Stlth+}
   (Okawaru gifted it to you in the Dungeon)

   rF+:       It protects you from fire.
   +Blink:    It lets you blink.
   *Corrode:  It may corrode you when you take damage.
   Stlth+:    It makes you more stealthy.
Missiles
 d - 5 throwing nets
 e - 7 silver javelins (quivered)
 r - a javelin
 u - 3 boomerangs
Armour
 c - a +0 hat (worn)
 q - a +0 plate armour
 B - the +8 crystal plate armour of the Baku (worn) {Harm Regen+ MP+9 Dex+3}
   (Okawaru gifted it to you in the Dungeon)

   Dex+3:     It affects your dexterity (+3).
   MP+9:      It affects your magic capacity (+9).
   Regen+:    It increases your rate of health regeneration.
   Harm:      It increases damage dealt and taken.
 G - a +1 tower shield (worn)
 H - a +1 cloak (worn)
 J - a +1 pair of boots (worn)
Jewellery
 o - a +3 ring of dexterity (left hand)
 p - a +2 ring of protection
 A - a ring of protection from fire
 E - a ring of poison resistance (right hand)
 F - an amulet of regeneration (around neck)
Wands
 n - a wand of iceblast (9)
Scrolls
 k - a scroll of blinking
 m - 2 scrolls of amnesia
 w - 3 scrolls of fear
 x - 3 scrolls of fog
 C - a scroll of vulnerability
Potions
 a - 2 potions of mutation
 f - 2 potions of curing
 g - 2 potions of heal wounds
 h - 2 potions of haste
 i - 4 potions of magic
 j - a potion of berserk rage
 l - a potion of invisibility
 v - 2 potions of brilliance
 K - a potion of might


   Skills:
 - Level 20.7 Fighting
 - Level 14.3 Long Blades
 - Level 14.0 Maces & Flails
 - Level 15.0 Throwing
 - Level 21.7 Armour
 - Level 15.9 Dodging
 + Level 4.3 Shields
 - Level 14.0 Invocations
 - Level 5.0 Evocations


You had 12 spell levels left.
You didn't know any spells.
Your spell library was empty.

Dungeon Overview and Level Annotations

Branches:
Dungeon (1/1)

Altars:
Cheibriados
Dithmenos
Elyvilon
Fedhas
Gozag
Hepliaklqana
Kikubaaqudgha
Makhleb
Nemelex Xobeh
Okawaru
Qazlal
Ru
Sif Muna
Trog
Uskayaw
Vehumet
Wu Jian
Xom
Yredelemnul
Zin
The Shining One
Jiyva
Lugonu

Shops:
D ((:*


Innate Abilities, Weirdness & Mutations

You have a pair of horns on your head.
You reflexively headbutt those who attack you in melee.


Message History

Here: a stone giant, quivering large rocks (severely wounded, soul bound)
An open door to the Dungeon.
You hit the stone giant.
Lightning courses through the stone giant!
The stone giant is almost dead.
You block the stone giant's attack.
You thump the stone giant!
Lightning courses through the stone giant!
You kill the stone giant!
Okawaru accepts your kill.
A freezing mist starts to gather...
A stone giant simulacrum comes into view.
The rakshasa weaves an illusion.
The quicksilver dragon bites you but does no damage.
The quicksilver dragon claws you but does no damage.
Your Shields skill gained 4 levels and is now at level 4!
You completely miss the quicksilver dragon.
The quicksilver dragon bites you!
You block the quicksilver dragon's attack.
The necromancer casts a spell.
The necromancer binds the souls of nearby monsters.
The quicksilver dragon bites you.
The quicksilver dragon barely misses you.
You closely miss the quicksilver dragon.
The quicksilver dragon bites you but does no damage.
The quicksilver dragon closely misses you.
The stone giant simulacrum hits you!!
The stone giant simulacrum freezes you!!!
A red very ugly thing comes into view.
The necromancer casts a spell.
The necromancer binds the souls of nearby monsters.
The red very ugly thing gurgles horribly!
You miss the quicksilver dragon. You headbutt the quicksilver dragon!
The quicksilver dragon is lightly wounded.
The quicksilver dragon barely misses you.
You furiously retaliate!
You headbutt the quicksilver dragon. The quicksilver dragon claws you!
The stone giant simulacrum hits you!
* * * LOW HITPOINT WARNING * * *
The stone giant simulacrum freezes you!!!
You die...

.▓.▓.▓.▓.▓.♣.♣.▓
†▓.▓.▓.▓.▓.♣.♣.▓u▓
.▓.▓.▓.▓)▓.♣.♣.▓D▓
'▓.▓.▓.▓)▓.♣.♣.▓p▓
÷▓.▓.▓.▓)▓.♣†♣.▓.▓
.▓.▓.▓.▓)▓.♣÷♣.▓R▓
†▓.▓)▓.▓)▓.♣.♣.▓V▓
.▓.▓)▓.▓)▓.♣.♣.▓D▓
.▓.▓)▓.▓)▓.♣)♣.▓@▓
[▓.▓)▓.▓)▓.♣†♣.▓Z▓
)▓.▓)▓.▓.▓.▓†▓.▓.▓
(▓.▓)▓.▓.▓.▓)▓.▓.▓
.▓.▓[▓.▓.▓.▓.▓.▓.▓
.▓.▓.▓.▓.▓.▓.▓.▓.▓
.▓.▓.▓.▓.▓.▓.▓.▓.▓
.▓.▓.▓.▓'▓.▓.▓.▓.▓
.▓.▓.▓.▓.▓.▓.▓.▓.▓


You could see a red very ugly thing (soul bound), an ice dragon (soul bound), a
quicksilver dragon (soul bound), a rakshasa, a vampire mage, a necromancer and a
stone giant simulacrum.

Vanquished Creatures
  Saint Roka (D)
  A sphinx (D)
  A fire giant (D)
  A stone giant (D)
  A very ugly thing (D)
  2 bunyips (D)
  A dire elephant (D)
  An ettin (D)
  A merfolk impaler (D)
  2 entropy weavers (D)
  Josephine (D)
  3 hydras (D)
  2 ogre magi (D)
  4 centaur warriors (D)
  Erica (D)
  A radroach (D)
  A catoblepas (D)
  2 boulder beetles (D)
  An anaconda (D)
  6 two-headed ogres (D)
  A deep troll earth mage (D)
  A deep troll shaman (D)
  A shock serpent (D)
  A salamander mystic (D)
  2 goliath frogs (D)
  A spriggan druid (D)
  3 sea snakes (D)
  A deep elf pyromancer (D)
  2 mana vipers (D)
  An ugly thing (D)
  2 cyclopes (D)
  9 elephants (D)
  Joseph (D)
  3 black mambas (D)
  4 cane toads (D)
  2 guardian serpents (D)
  A gargoyle (D)
  2 torpor snails (D)
  An efreet (D)
  2 komodo dragons (D)
  2 tengu conjurers (D)
  A troll (D)
  A troll (shapeshifter) (D)
  2 merfolk (D)
  A hornet (D)
  A tarantella (D)
  4 blink frogs (D)
  3 snapping turtles (D)
  A jumping spider (D)
  A spriggan (D)
  A culicivora (shapeshifter) (D)
  A shadow (D)
  3 yaks (D)
  A culicivora (D)
  3 wraiths (D)
  Grum (D)
  2 wargs (D)
  A swamp drake (D)
  9 orc warriors (D)
  7 ogres (D)
  2 wolves (D)
  A bullfrog (D)
  A killer bee (D)
  A hound (D)
  A sleepcap (D)
  4 orc priests (D)
  4 orc wizards (D)
  A gnoll (D)
  An ufetubus (D)
  A dart slug (D)
  13 orcs (D)
  2 endoplasms (D)
  A goblin (D)
  A hobgoblin (D)
155 creatures vanquished.

Notes
Turn   | Place    | Note
-------+----------+-------------------------------------------
     0 | D        | fozzywoppz the Minotaur Gladiator began the quest for the
                  | Orb.
     0 | D        | Reached XP level 1. HP: 18/18 MP: 0/0
     7 | D        | Reached XP level 2. HP: 22/26 MP: 1/1
    44 | D        | Noticed an ogre
    51 | D        | Reached skill level 5 in Maces & Flails
    51 | D        | Reached XP level 3. HP: 24/34 MP: 2/2
    56 | D        | Killed an ogre
    57 | D        | Reached skill level 5 in Throwing
    57 | D        | Reached skill level 5 in Dodging
    57 | D        | Reached XP level 4. HP: 13/45 MP: 3/3
    63 | D        | Reached XP level 5. HP: 13/53 MP: 4/4
   181 | D        | Found a snail-covered altar of Cheibriados.
   181 | D        | Found a shadowy altar of Dithmenos.
   181 | D        | Found a white marble altar of Elyvilon.
   181 | D        | Found a blossoming altar of Fedhas.
   181 | D        | Found an opulent altar of Gozag.
   182 | D        | Found a hazy altar of Hepliaklqana.
   183 | D        | Found a viscous altar of Jiyva.
   184 | D        | Found an ancient bone altar of Kikubaaqudgha.
   185 | D        | Found a corrupted altar of Lugonu.
   186 | D        | Found a burning altar of Makhleb.
   187 | D        | Found a sparkling altar of Nemelex Xobeh.
   188 | D        | Found an iron altar of Okawaru.
   189 | D        | Found a stormy altar of Qazlal.
   190 | D        | Found a sacrificial altar of Ru.
   191 | D        | Found a shimmering blue altar of Sif Muna.
   192 | D        | Found a bloodstained altar of Trog.
   193 | D        | Found a hide-covered altar of Uskayaw.
   194 | D        | Found a radiant altar of Vehumet.
   195 | D        | Found an ornate altar of the Wu Jian Council.
   196 | D        | Became a worshipper of Warmaster Okawaru
   197 | D        | Found a shimmering altar of Xom.
   198 | D        | Found a basalt altar of Yredelemnul.
   199 | D        | Found a glowing silver altar of Zin.
   200 | D        | Found a glowing golden altar of the Shining One.
   264 | D        | Noticed a shadow
   264 | D        | Noticed a two-headed ogre
   264 | D        | Noticed a yak
   264 | D        | Noticed a troll
   281 | D        | Killed a troll
   281 | D        | Reached * piety under Okawaru
   282 | D        | Reached skill level 10 in Fighting
   282 | D        | Reached skill level 10 in Maces & Flails
   282 | D        | Reached skill level 5 in Armour
   282 | D        | Reached XP level 6. HP: 18/66 MP: 4/8
   285 | D        | Killed a two-headed ogre
   285 | D        | Reached ** piety under Okawaru
   286 | D        | Reached XP level 7. HP: 24/72 MP: 4/12
   288 | D        | Killed a yak
   289 | D        | Reached XP level 8. HP: 26/79 MP: 4/13
   291 | D        | Reached *** piety under Okawaru
   297 | D        | Reached skill level 10 in Invocations
   476 | D        | Noticed a centaur warrior
   476 | D        | Noticed a centaur warrior
   476 | D        | Noticed a centaur warrior
   476 | D        | Noticed a green ugly thing
   476 | D        | Noticed a troll
   476 | D        | Noticed a gargoyle
   480 | D        | Killed a gargoyle
   484 | D        | Killed a troll
   485 | D        | Reached skill level 6 in Armour
   496 | D        | Killed a green ugly thing
   496 | D        | Reached **** piety under Okawaru
   497 | D        | Reached skill level 7 in Armour
   497 | D        | Reached XP level 9. HP: 38/89 MP: 13/16
   505 | D        | Killed a centaur warrior
   505 | D        | Reached ***** piety under Okawaru
   506 | D        | Reached skill level 8 in Armour
   511 | D        | Killed a centaur warrior
   518 | D        | Killed a centaur warrior
   518 | D        | Received a gift from Okawaru
   519 | D        | Reached skill level 9 in Armour
   519 | D        | Reached XP level 10. HP: 36/100 MP: 17/17
   712 | D        | Noticed a boulder beetle
   712 | D        | Noticed a cane toad
   712 | D        | Noticed a cane toad
   712 | D        | Noticed a cane toad
   720 | D        | Killed a cane toad
   722 | D        | Noticed a cane toad
   728 | D        | Killed a cane toad
   729 | D        | Reached skill level 10 in Armour
   729 | D        | Noticed an elephant
   737 | D        | Killed a cane toad
   745 | D        | Killed a cane toad
   746 | D        | Reached skill level 10 in Dodging
   937 | D        | Killed an elephant
   956 | D        | Reached skill level 11 in Armour
   958 | D        | Killed a boulder beetle
   959 | D        | Reached skill level 10 in Throwing
  1028 | D        | Noticed an eight-headed hydra
  1034 | D        | Received a gift from Okawaru
  1036 | D        | Noticed an elephant
  1037 | D        | Noticed a black mamba
  1040 | D        | Killed an eight-headed hydra
  1041 | D        | Reached skill level 12 in Armour
  1054 | D        | Reached XP level 11. HP: 84/111 MP: 12/19
  1071 | D        | Reached skill level 15 in Fighting
  1090 | D        | Noticed a dire elephant
  1091 | D        | Reached skill level 13 in Armour
  1110 | D        | Received a gift from Okawaru
  1122 | D        | Killed a dire elephant
  1136 | D        | Reached skill level 14 in Armour
  1206 | D        | Noticed Grum
  1217 | D        | Killed Grum
  1403 | D        | Found Nummieduff's Assorted Antiques.
  1403 | D        | Noticed a two-headed ogre
  1403 | D        | Noticed a two-headed ogre
  1403 | D        | Noticed a two-headed ogre
  1404 | D        | Noticed an ogre mage
  1406 | D        | Killed a two-headed ogre
  1406 | D        | Received a gift from Okawaru
  1412 | D        | Killed a two-headed ogre
  1416 | D        | Killed a two-headed ogre
  1417 | D        | Reached skill level 15 in Armour
  1423 | D        | Killed an ogre mage
  1424 | D        | Reached XP level 12. HP: 101/125 MP: 20/20
  1425 | D        | Found Mugor's Book Shop.
  1430 | D        | Found Cixkeog's Weapon Boutique.
  1434 | D        | Found Plog's Antique Weapon Shop.
  1437 | D        | Noticed an ogre mage
  1440 | D        | Noticed a two-headed ogre
  1442 | D        | Noticed a two-headed ogre
  1451 | D        | Killed an ogre mage
  1452 | D        | Killed a two-headed ogre
  1452 | D        | Received a gift from Okawaru
  1454 | D        | Killed a two-headed ogre
  1502 | D        | Bought a glowing dire flail for 140 gold pieces
  1508 | D        | Bought a scroll labelled ZUWIRA QUSSILAVEU for 24 gold
                  | pieces
  1508 | D        | Bought a garnet ring for 120 gold pieces
  1508 | D        | Bought a scroll labelled ANWUDD EHADO for 24 gold pieces
  1545 | D        | Noticed Josephine
  1555 | D        | Killed Josephine
  1596 | D        | Noticed Joseph
  1605 | D        | Killed Joseph
  1606 | D        | Reached skill level 15 in Dodging
  1709 | D        | Noticed a catoblepas
  1709 | D        | Noticed a centaur warrior
  1723 | D        | Reached skill level 1 in Evocations
  1723 | D        | Killed a centaur warrior
  1723 | D        | Reached ****** piety under Okawaru
  1738 | D        | Killed a catoblepas
  1738 | D        | Noticed a sphinx
  1751 | D        | Noticed a brown very ugly thing
  1753 | D        | Received a gift from Okawaru
  1757 | D        | Noticed a deep troll earth mage
  1758 | D        | Killed a sphinx
  1759 | D        | Noticed an ettin
  1761 | D        | Killed a brown very ugly thing
  1762 | D        | Reached skill level 16 in Armour
  1779 | D        | Killed a deep troll earth mage
  1780 | D        | Reached skill level 15 in Throwing
  1780 | D        | Reached skill level 5 in Evocations
  1784 | D        | Killed an ettin
  1839 | D        | Noticed a deep troll shaman
  1848 | D        | Killed a deep troll shaman
  1848 | D        | Received a gift from Okawaru
  1869 | D        | Noticed a fire giant
  1879 | D        | Killed a fire giant
  1880 | D        | Reached skill level 17 in Armour
  1880 | D        | Reached XP level 13. HP: 101/139 MP: 22/22
  2004 | D        | Noticed Erica
  2019 | D        | Killed Erica
  2079 | D        | Noticed a bunyip
  2079 | D        | Noticed a bunyip
  2093 | D        | Killed a bunyip
  2094 | D        | Reached skill level 5 in Long Blades
  2097 | D        | Killed a bunyip
  2098 | D        | Reached skill level 18 in Armour
  2100 | D        | Received a gift from Okawaru
  2199 | D        | Reached skill level 19 in Armour
  2236 | D        | Reached skill level 10 in Long Blades
  2375 | D        | Reached skill level 20 in Armour
  2395 | D        | Received a gift from Okawaru
  2416 | D        | Reached skill level 21 in Armour
  2475 | D        | Noticed a merfolk impaler
  2482 | D        | Killed a merfolk impaler
  2679 | D        | Noticed Saint Roka
  2723 | D        | Killed Saint Roka
  2723 | D        | Received a gift from Okawaru
  2823 | D        | Acquired the +8 crystal plate armour of the Baku {Harm
                  | Regen+ MP+9 Dex+3}
  2823 | D        | Received a gift from Okawaru
  2824 | D        | Acquired the +4 morningstar of Wrath {elec, *Corrode +Blink
                  | rF+ Stlth+}
  2824 | D        | Received a gift from Okawaru
  2954 | D        | Noticed a quicksilver dragon
  2954 | D        | Noticed a stone giant
  2960 | D        | Killed a stone giant
  2962 | D        | Noticed a red very ugly thing
  2963 | D        | Mangled by a stone giant simulacrum

Illustrated notes

Levels and vault maps discovered:
D:        linesprint [early_d, line_temple, items_1, d_10, items_2, lair_1,
          lair_end, items_3, orc_1, orc_end, items_4, d_15, swamp_1, shoals_1,
          snake_1, spider_1, d_20, vaults_1, items_5, swamp_end, shoals_end,
          snake_end, spider_end, vaults_end, d_27, items_6, zot_1, zot_end,
          crypt_end, forest_end, elf_end, slime_end, tomb_end, abyss_end,
          pan_hell_end]

Skill      XL: |  1  2  3  4  5  6  7  8  9 10 11 12 13 |
---------------+----------------------------------------+-----
Fighting       | 3 4 6 7 10 11 12 14 17 19 20 | 20.7
Maces & Flails | 4 5 7 8 10 13 14 | 14.0
Dodging        | 4 5 6 8 11 14 15 | 15.9
Throwing       | 3 5 6 8 10 13 15 | 15.0
Armour         | 5 7 9 12 15 17 21 | 21.7
Invocations    | 4 8 10 11 12 14 | 14.0
Evocations     | 5 |  5.0
Long Blades    | 14 | 14.3
Shields        | 4 |  4.3

Action                     |  1- 3 |  4- 6 |  7- 9 | 10-12 | 13-15 || total
---------------------------+-------+-------+-------+-------+-------++-------
  Melee: Flail             |    23 |     5 |       |       |       ||    28
         Headbutt          |     2 |     6 |    14 |    88 |    67 ||   177
         Dire flail        |       |    18 |    48 |   302 |   207 ||   575
         Morningstar       |       |       |       |       |     9 ||     9
  Throw: Throwing net      |     1 |     1 |       |       |       ||     2
         Javelin           |       |       |       |    10 |    19 ||    29
 Invoke: Heroism           |       |       |     1 |     2 |     1 ||     4
         Finesse           |       |       |       |     2 |     2 ||     4
         Receive Weapon    |       |       |       |       |     1 ||     1
         Receive Armour    |       |       |       |       |     1 ||     1
  Evoke: Wand              |       |       |       |     1 |       ||     1
    Use: Potion            |       |     2 |     1 |     3 |     5 ||    11
         Scroll            |       |       |       |     5 |     2 ||     7
   Stab: Confused          |       |       |       |       |     2 ||     2
 Armour: Leather armour    |    10 |     4 |       |       |       ||    14
         Plate armour      |       |    30 |    35 |   138 |   131 ||   334
         Crystal plate arm |       |       |       |       |    10 ||    10
  Dodge: Dodged            |    10 |    19 |    18 |    79 |    98 ||   224
  Block: Tower shield      |       |       |       |       |     5 ||     5

Table legend: (Time is in decaauts)
 A = Elapsed time spent in this place.
 B = Non-inter-level travel time spent in this place.
 C = Inter-level travel time spent in this place.
 D = Time resting spent in this place.
 E = Time spent auto-exploring this place.
 F = Levels seen in this place.
 G = Mean time per level.
                   A        B        C        D        E       F      G
               +--------+--------+--------+--------+--------+-----+--------+
         Total |   2724 |   2724 |      0 |   1085 |      0 |   1 | 2724.0 |
       Dungeon |   2724 |   2724 |      0 |   1085 |      0 |   1 | 2724.0 |
               +--------+--------+--------+--------+--------+-----+--------+

Top non-repeatable levels by time:
       D: 2724 daAuts
